| TOP OF THE 1ST |
|
Greensboro Grasshoppers batting - Pitching for Hartford Yard Goats : RHP Gabe Stokes
|
|
Pitching: RHP Gabe Stokes
|
|
|
Batting: RHB Tom Thompson
|
0-0: Ball 1-0: Ball 2-0: Called Strike 2-1: Ground out 4-3 (Groundball, 4MD, EV 91.9 MPH)
|
|
Batting: RHB Torquato Obawole
|
0-0: Swinging Strike 0-1: Swinging Strike 0-2: Ball 1-2: Foul Ball, location: 2F 1-2: Foul Ball, location: 2F 1-2: Strikes out swinging
|
|
Batting: RHB Isaiah Brockman
|
0-0: Ball 1-0: Foul Ball, location: 2F 1-1: Ball 2-1: Called Strike 2-2: Strikes out swinging
|
| Top of the 1st over - 0 runs, 0 hits, 0 errors, 0 left on base; Greensboro 0 - Hartford 0 |
| BOTTOM OF THE 1ST |
|
Hartford Yard Goats batting - Pitching for Greensboro Grasshoppers : RHP Glen Patterson
|
|
Pitching: RHP Glen Patterson
|
|
|
Batting: SHB Eddie Quinones
|
0-0: Called Strike 0-1: Ground out 5-3 (Groundball, 15, EV 83.8 MPH)
|
|
Batting: SHB Pete Perla
|
0-0: Ball 1-0: Swinging Strike 1-1: Foul Ball, location: 2F 1-2: Ball 2-2: Foul Ball, location: 2F 2-2: SOLO HOME RUN (Flyball, 89XD, EV 97.5 MPH), Distance : 399 ft
|
|
Batting: LHB Jeremy Brammer
|
0-0: Called Strike 0-1: Ground out 4-3 (Groundball, 34D, EV 85.6 MPH)
|
|
Batting: SHB In-sung Lee
|
0-0: Called Strike 0-1: Foul Ball, location: 2F 0-2: Ball 1-2: Ground out 3-1 (Groundball, 34, EV 106.3 MPH)
|
| Bottom of the 1st over - 1 run, 1 hit, 0 errors, 0 left on base; Greensboro 0 - Hartford 1 |
| TOP OF THE 2ND |
|
Greensboro Grasshoppers batting - Pitching for Hartford Yard Goats : RHP Gabe Stokes
|
|
Batting: RHB Jake Shelton
|
0-0: Called Strike 0-1: Ground out 4-3 (Groundball, 4, EV 102.5 MPH)
|
|
Batting: RHB Jordan Arcidez
|
0-0: Ball 1-0: SINGLE (Line Drive, 6MD, EV 103.1 MPH)
|
|
Batting: RHB Bob Raine
|
0-0: Ball 1-0: Ball 2-0: Called Strike 2-1: Ball 3-1: Called Strike 3-2: Strikes out swinging
|
|
Batting: RHB Wei-guo Tsu
|
0-0: Swinging Strike 0-1: Foul Ball, location: 2F 0-2: Ball 1-2: Ball 2-2: Foul Ball, location: 2F 2-2: Strikes out swinging
|
| Top of the 2nd over - 0 runs, 1 hit, 0 errors, 1 left on base; Greensboro 0 - Hartford 1 |
| BOTTOM OF THE 2ND |
|
Hartford Yard Goats batting - Pitching for Greensboro Grasshoppers : RHP Glen Patterson
|
|
Batting: RHB Kian-tat Chen
|
0-0: Ball 1-0: Ball 2-0: Foul Ball, location: 2F 2-1: Ground out 5-3 (Groundball, 56S, EV 69.4 MPH)
|
|
Batting: RHB Eric Garrett
|
0-0: Ball 1-0: Called Strike 1-1: Called Strike 1-2: Foul Ball, location: 2F 1-2: Foul Ball, location: 2F 1-2: Ground out 5-3 (Groundball, 56S, EV 89.4 MPH)
|
|
Batting: RHB Eric Delgado
|
0-0: Ball 1-0: Ground out 4-3 (Groundball, 4, EV 81.9 MPH)
|
| Bottom of the 2nd over - 0 runs, 0 hits, 0 errors, 0 left on base; Greensboro 0 - Hartford 1 |
| TOP OF THE 3RD |
|
Greensboro Grasshoppers batting - Pitching for Hartford Yard Goats : RHP Gabe Stokes
|
|
Batting: RHB Guillermo Rios
|
0-0: Ball 1-0: Called Strike 1-1: Foul Ball, location: 2F 1-2: Ground out 5-3 (Groundball, 56, EV 98.8 MPH)
|
|
Batting: LHB Juan Zuniga
|
0-0: Ball 1-0: Ball 2-0: Called Strike 2-1: Ball 3-1: Base on Balls
|
|
Batting: RHB Tom Thompson
|
0-0: Called Strike Juan Zuniga steals 2nd, throwing error, E2 Juan Zuniga to third 0-1: Called Strike 0-2: Ball 1-2: Strikes out swinging
|
|
Batting: RHB Torquato Obawole
|
0-0: Ball 1-0: Ball 2-0: Ball 3-0: Called Strike 3-1: Foul Ball, location: 2F 3-2: Strikes out looking
|
| Top of the 3rd over - 0 runs, 0 hits, 1 error, 1 left on base; Greensboro 0 - Hartford 1 |
| BOTTOM OF THE 3RD |
|
Hartford Yard Goats batting - Pitching for Greensboro Grasshoppers : RHP Glen Patterson
|
|
Batting: RHB Randy Breitbart
|
0-0: Ball 1-0: Foul Ball, location: 2F 1-1: Swinging Strike 1-2: Ball 2-2: Ball 3-2: Base on Balls
|
|
Batting: RHB Steve Waltenbery
|
0-0: Fielders Choice at 2nd, 4-6 (Groundball, 4, EV 105.6 MPH)
|
|
Batting: SHB Eddie Quinones
|
0-0: Fly out, F9 (Flyball, 9D, EV 106.3 MPH)
|
|
Batting: SHB Pete Perla
|
0-0: Ground out 6-3 (Groundball, 6S, EV 73.1 MPH)
|
| Bottom of the 3rd over - 0 runs, 0 hits, 0 errors, 1 left on base; Greensboro 0 - Hartford 1 |
| TOP OF THE 4TH |
|
Greensboro Grasshoppers batting - Pitching for Hartford Yard Goats : RHP Gabe Stokes
|
|
Batting: RHB Isaiah Brockman
|
0-0: Called Strike 0-1: Called Strike 0-2: Foul Ball, location: 2F 0-2: Ball 1-2: Ball 2-2: Strikes out looking
|
|
Batting: RHB Jake Shelton
|
0-0: Ball 1-0: Ground out 6-3 (Groundball, 6, EV 80.6 MPH)
|
|
Batting: RHB Jordan Arcidez
|
0-0: Swinging Strike 0-1: Swinging Strike 0-2: Ball 1-2: Ball 2-2: Foul Ball, location: 2F 2-2: Strikes out looking
|
| Top of the 4th over - 0 runs, 0 hits, 0 errors, 0 left on base; Greensboro 0 - Hartford 1 |
| BOTTOM OF THE 4TH |
|
Hartford Yard Goats batting - Pitching for Greensboro Grasshoppers : RHP Glen Patterson
|
|
Batting: LHB Jeremy Brammer
|
0-0: Ball 1-0: Ball 2-0: Ball 3-0: Base on Balls
|
|
Batting: SHB In-sung Lee
|
0-0: Ball 1-0: Ball 2-0: Fielders Choice at 2nd, 5-4 (Groundball, 5, EV 102.5 MPH)
|
|
Batting: RHB Kian-tat Chen
|
0-0: Ball In-sung Lee is caught stealing 2nd base 2-4 1-0: Ball 2-0: Ball 3-0: Called Strike 3-1: Base on Balls
|
|
Batting: RHB Eric Garrett
|
0-0: Ball 1-0: Foul Ball, location: 2F 1-1: Ball Kian-tat Chen steals 2nd base 2-1: SINGLE (Groundball, 4M, EV 97.5 MPH) (infield hit) Kian-tat Chen to third
|
|
Batting: RHB Eric Delgado
|
0-0: Called Strike 0-1: Ball 1-1: SINGLE (Groundball, 5S, EV 63.8 MPH) (infield hit) Kian-tat Chen scores Eric Garrett to second
|
|
Batting: RHB Randy Breitbart
|
0-0: Ball 1-0: Ball Wild Pitch! Eric Garrett to third Eric Delgado to second 2-0: SINGLE (Line Drive, 6M, EV 108.8 MPH) Eric Garrett scores Eric Delgado to third Runner from 3rd tries for Home, SAFE, throw by CF to home
|
|
Batting: RHB Steve Waltenbery
|
0-0: Foul Ball, location: 2F 0-1: Foul Ball, location: 2F 0-2: Ground out 4-3 (Groundball, 4D, EV 96.3 MPH)
|
| Bottom of the 4th over - 3 runs, 3 hits, 0 errors, 1 left on base; Greensboro 0 - Hartford 4 |
| TOP OF THE 5TH |
|
Greensboro Grasshoppers batting - Pitching for Hartford Yard Goats : RHP Gabe Stokes
|
|
Batting: RHB Bob Raine
|
0-0: Called Strike 0-1: SINGLE (Line Drive, 8RS, EV 101.3 MPH)
|
|
Batting: RHB Wei-guo Tsu
|
0-0: Called Strike 0-1: Grounds out, U3 (Groundball, 3L, EV 83.8 MPH)
|
|
Batting: RHB Guillermo Rios
|
0-0: Ball 1-0: Ball 2-0: Foul Ball, location: 2F 2-1: Fly out, F8 (Flyball, 8LD, EV 103.8 MPH)
|
|
Batting: LHB Juan Zuniga
|
0-0: Called Strike 0-1: Ground out 4-3 (Groundball, 4, EV 87.5 MPH)
|
| Top of the 5th over - 0 runs, 1 hit, 0 errors, 1 left on base; Greensboro 0 - Hartford 4 |
| BOTTOM OF THE 5TH |
|
Hartford Yard Goats batting - Pitching for Greensboro Grasshoppers : RHP Glen Patterson
|
|
Batting: SHB Eddie Quinones
|
0-0: Ball 1-0: Foul Ball, location: 2F 1-1: Ball 2-1: Ball 3-1: Base on Balls
|
|
Batting: SHB Pete Perla
|
0-0: Ball 1-0: Ball 2-0: Swinging Strike 2-1: Called Strike 2-2: Fielders Choice at 2nd, 6-4 (Groundball, 6, EV 100.0 MPH)
|
|
Batting: LHB Jeremy Brammer
|
0-0: Called Strike Pete Perla steals 2nd base 0-1: Foul Ball, location: 2F 0-2: Ball 1-2: Ball 2-2: 2-RUN HOME RUN (Flyball, 7LD, EV 91.3 MPH), Distance : 346 ft
|
|
Pitching: RHP Marco Quezada
|
|
|
Batting: SHB In-sung Lee
|
0-0: Ball 1-0: Ball 2-0: Called Strike 2-1: Ball 3-1: Foul Ball, location: 2F 3-2: Base on Balls
|
|
Batting: RHB Kian-tat Chen
|
0-0: Ball In-sung Lee steals 2nd base 1-0: Foul Ball, location: 2F 1-1: Foul Ball, location: 2F 1-2: Ball 2-2: Foul Ball, location: 2F 2-2: Foul Ball, location: 2F 2-2: Ball 3-2: Ground out 6-3 (Groundball, 6, EV 75.6 MPH) In-sung Lee to third
|
|
Batting: RHB Eric Garrett
|
0-0: Called Strike 0-1: Foul Ball, location: 2F 0-2: DOUBLE (Line Drive, 5D, EV 95.0 MPH) In-sung Lee scores
|
|
Batting: RHB Eric Delgado
|
0-0: Called Strike 0-1: Ball 1-1: Ball 2-1: Ball 3-1: Swinging Strike 3-2: Foul Ball, location: 2F 3-2: Foul Ball, location: 2F 3-2: Fly out, F8 (Line Drive, 8RD, EV 87.5 MPH)
|
| Bottom of the 5th over - 3 runs, 2 hits, 0 errors, 1 left on base; Greensboro 0 - Hartford 7 |
| TOP OF THE 6TH |
|
Greensboro Grasshoppers batting - Pitching for Hartford Yard Goats : RHP Gabe Stokes
|
|
Batting: RHB Tom Thompson
|
0-0: Called Strike 0-1: Fly out, F6 (Flyball, 56D, EV 88.1 MPH)
|
|
Batting: RHB Torquato Obawole
|
0-0: Ball 1-0: Called Strike 1-1: Ball 2-1: Fly out, F8 (Flyball, 78D, EV 104.4 MPH)
|
|
Batting: RHB Isaiah Brockman
|
0-0: Ball 1-0: Ball 2-0: Ball 3-0: Called Strike 3-1: Called Strike 3-2: Strikes out swinging
|
| Top of the 6th over - 0 runs, 0 hits, 0 errors, 0 left on base; Greensboro 0 - Hartford 7 |
| BOTTOM OF THE 6TH |
|
Hartford Yard Goats batting - Pitching for Greensboro Grasshoppers : RHP Marco Quezada
|
|
Batting: RHB Randy Breitbart
|
0-0: Ground out 5-3 (Groundball, 5, EV 86.9 MPH)
|
|
Pitching: LHP Nick Gore
|
|
|
Batting: RHB Steve Waltenbery
|
0-0: Ball 1-0: Ball 2-0: Ball 3-0: Called Strike 3-1: Base on Balls
|
|
Batting: SHB Eddie Quinones
|
0-0: Ball 1-0: Ball 2-0: Foul Ball, location: 2F 2-1: Foul Ball, location: 2F 2-2: Foul Ball, location: 2F 2-2: Foul Ball, location: 2F 2-2: Foul Ball, location: 2F 2-2: Foul Ball, location: 2F 2-2: TRIPLE (Flyball, 89XD, EV 105.6 MPH) Steve Waltenbery scores
|
|
Batting: SHB Pete Perla
|
0-0: Foul Ball, location: 2F 0-1: Foul Ball, location: 2F 0-2: Foul Ball, location: 2F 0-2: Strikes out swinging passed ball, reaches first! Eddie Quinones scores
|
|
Batting: LHB Jeremy Brammer
|
0-0: Ball 1-0: Foul Ball, location: 2F 1-1: Foul Ball, location: 2F 1-2: Foul Ball, location: 2F 1-2: Fielders Choice at 2nd, 5-4 (Groundball, 5L, EV 88.8 MPH)
|
|
Batting: SHB In-sung Lee
|
0-0: Called Strike 0-1: Foul Ball, location: 2F 0-2: Ball 1-2: Foul Ball, location: 2F 1-2: Hit by Pitch Jeremy Brammer to second
|
|
Batting: RHB Kian-tat Chen
|
0-0: Ball 1-0: Swinging Strike 1-1: Called Strike 1-2: Ball 2-2: Ball 3-2: Base on Balls Jeremy Brammer to third In-sung Lee to second
|
|
Pitching: RHP Tamirat Abboud
|
|
|
Batting: RHB Eric Garrett
|
0-0: Ball 1-0: Called Strike 1-1: Ball 2-1: Swinging Strike 2-2: Foul Ball, location: 2F 2-2: Ball 3-2: Base on Balls Jeremy Brammer scores In-sung Lee to third Kian-tat Chen to second
|
|
Batting: RHB Eric Delgado
|
0-0: Ball 1-0: Foul Ball, location: 2F 1-1: Foul Ball, location: 2F 1-2: Ball 2-2: Foul Ball, location: 2F 2-2: Ball 3-2: Strikes out swinging
|
| Bottom of the 6th over - 3 runs, 1 hit, 0 errors, 3 left on base; Greensboro 0 - Hartford 10 |
| TOP OF THE 7TH |
|
Greensboro Grasshoppers batting - Pitching for Hartford Yard Goats : RHP Gabe Stokes
|
|
Batting: RHB Jake Shelton
|
0-0: Ball 1-0: Called Strike 1-1: Ball 2-1: Foul Ball, location: 2F 2-2: Ground out 5-3 (Groundball, 56S, EV 85.6 MPH)
|
|
Batting: RHB Jordan Arcidez
|
0-0: Foul Ball, location: 2F 0-1: Ball 1-1: Called Strike 1-2: Ball 2-2: Fly out, F7 (Flyball, 7D, EV 92.5 MPH)
|
|
Batting: RHB Bob Raine
|
0-0: Called Strike 0-1: Ball 1-1: Foul Ball, location: 2F 1-2: Foul Ball, location: 2F 1-2: Ball 2-2: Strikes out swinging
|
| Top of the 7th over - 0 runs, 0 hits, 0 errors, 0 left on base; Greensboro 0 - Hartford 10 |
| BOTTOM OF THE 7TH |
|
Hartford Yard Goats batting - Pitching for Greensboro Grasshoppers : RHP Tamirat Abboud
|
|
Batting: RHB Randy Breitbart
|
0-0: Called Strike 0-1: Ground out U3 (Groundball, 3L, EV 85.0 MPH)
|
|
Batting: RHB Steve Waltenbery
|
0-0: Ball 1-0: Ball 2-0: Ball 3-0: Base on Balls
|
|
Batting: SHB Eddie Quinones
|
0-0: Foul Ball, location: 2F 0-1: Swinging Strike 0-2: Ball 1-2: SINGLE (Groundball, 4MD, EV 98.1 MPH) Steve Waltenbery to second
|
|
Batting: SHB Pete Perla
|
0-0: 3-RUN HOME RUN (Flyball, 9LD, EV 95.0 MPH), Distance : 348 ft
|
|
Pitching: LHP Joe Foster
|
|
|
Batting: LHB Jeremy Brammer
|
0-0: Swinging Strike 0-1: Swinging Strike 0-2: Ball 1-2: Foul Ball, location: 2F 1-2: Ground out 4-3 (Groundball, 4, EV 86.9 MPH)
|
|
Batting: SHB In-sung Lee
|
0-0: Fly out, F7 (Line Drive, 78M, EV 110.6 MPH)
|
| Bottom of the 7th over - 3 runs, 2 hits, 0 errors, 0 left on base; Greensboro 0 - Hartford 13 |
| TOP OF THE 8TH |
|
Greensboro Grasshoppers batting - Pitching for Hartford Yard Goats : RHP Gabe Stokes
|
|
Batting: RHB Wei-guo Tsu
|
0-0: Called Strike 0-1: Fly out, F8 (Line Drive, 8LM, EV 103.1 MPH)
|
|
Batting: RHB Guillermo Rios
|
0-0: Called Strike 0-1: Called Strike 0-2: Ball 1-2: Foul Ball, location: 2F 1-2: Strikes out looking
|
|
Batting: LHB Juan Zuniga
|
0-0: Foul Ball, location: 2F 0-1: Ball 1-1: Ball 2-1: Ball 3-1: Swinging Strike 3-2: Foul Ball, location: 2F 3-2: Fly out, F8 (Flyball, 8LM, EV 86.9 MPH)
|
| Top of the 8th over - 0 runs, 0 hits, 0 errors, 0 left on base; Greensboro 0 - Hartford 13 |
| BOTTOM OF THE 8TH |
|
Hartford Yard Goats batting - Pitching for Greensboro Grasshoppers : LHP Joe Foster
|
|
Batting: RHB Kian-tat Chen
|
0-0: Ball 1-0: Foul Ball, location: 2F 1-1: Swinging Strike 1-2: Ball 2-2: Foul Ball, location: 2F 2-2: SINGLE (Groundball, 34D, EV 97.5 MPH)
|
|
Pinch Hitting: LHB Eddie Gonzalez
|
0-0: Ground out 3-1 (Groundball, 34S, EV 73.1 MPH) Kian-tat Chen to second
|
|
Batting: RHB Eric Delgado
|
0-0: Ball 1-0: Ball 2-0: Ball 3-0: Called Strike 3-1: Base on Balls
|
|
Batting: RHB Randy Breitbart
|
0-0: Ball 1-0: Ball 2-0: Called Strike 2-1: Fielders Choice at 2nd, 3-6 (Groundball, 3, EV 103.8 MPH) Kian-tat Chen to third
|
|
Batting: RHB Steve Waltenbery
|
0-0: Ball 1-0: Ball 2-0: Ball 3-0: Base on Balls Randy Breitbart to second
|
|
Batting: SHB Eddie Quinones
|
0-0: Foul Ball, location: 2F 0-1: Ball 1-1: Fly out, F9 (Flyball, 89S, EV 84.4 MPH)
|
| Bottom of the 8th over - 0 runs, 1 hit, 0 errors, 3 left on base; Greensboro 0 - Hartford 13 |
| TOP OF THE 9TH |
|
Greensboro Grasshoppers batting - Pitching for Hartford Yard Goats : RHP Gabe Stokes
|
|
Pitching: RHP Joe Goodale
|
|
|
Now in RF: Eddie Gonzalez
|
|
|
Batting: RHB Tom Thompson
|
0-0: Swinging Strike 0-1: Ball 1-1: Ball 2-1: Foul Ball, location: 2F 2-2: Ball 3-2: Base on Balls
|
|
Batting: RHB Torquato Obawole
|
0-0: Foul Ball, location: 2F 0-1: Swinging Strike 0-2: Ball 1-2: Foul Ball, location: 2F 1-2: Fielders Choice at 2nd, 3-6 (Groundball, 34, EV 94.4 MPH)
|
|
Batting: RHB Isaiah Brockman
|
0-0: Called Strike 0-1: Foul Ball, location: 2RF, Error on foul ball, E2 0-2: Grounds into double play, 6-4-3 (Groundball, 6, EV 79.4 MPH)
|
| Top of the 9th over - 0 runs, 0 hits, 1 error, 0 left on base; Greensboro 0 - Hartford 13 |
|